nht, chaotic female elven Wizard --------------- ---------- ------- |.............| ----- --.........########-.....| ##-.............| |.<.| |.........| ###|.....| # |.............| |...| |.........| % #|......#%#### ------....%...| +...| |........`.###### ------- |........+ --.-- |.........| ------|--- # |........-- #)# # ---------- # # ### # # ## `@######### ## -----|-- # -.--+------ |.......############# +.........| |..>...| # # |.........| |....... ###|.........| |......| #....*.....| -------- ----------- nht the Conjurer Experience level: 3 Strength: 10 Dexterity: 15 Constitution: 11 Intelligence: 20 Wisdom: 11 Charisma: 10 Health: 16(25) Energy: 25(25) Def: 1 Gold: 371 Moves: 542 Dungeon seed: -E_zLa9j-cuW_lRu Game ID: nht_1433576617 Your Inventory: Coins $ - 371 gold pieces Weapons a - a blessed +1 quarterstaff (weapon in hands) Armor e - an uncursed +0 cloak of magic resistance (being worn) y - a cursed -1 pair of gauntlets of fumbling (being worn) Comestibles p - an uncursed lembas wafer Scrolls i - 2 uncursed scrolls of enchant weapon j - an uncursed scroll of food detection s - an uncursed scroll of gold detection u - an uncursed scroll of destroy armor C - an uncursed scroll of identify Spellbooks k - a blessed spellbook of blank paper J - an uncursed spellbook of remove curse Potions g - an uncursed potion of extra healing h - an uncursed potion of water H - a cursed potion of healing K - an uncursed potion of restore ability Rings c - an uncursed ring of conflict d - an uncursed ring of searching (on left hand) Wands b - a wand of undead turning (0:6) q - a wand of enlightenment (0:11) I - a wand of enlightenment (0:12) Tools n - a magic marker (0:59) o - an uncursed tooled horn v - an uncursed lock pick Spells known in the end: Name Level Category Fail Memory a - force bolt 1 attack 0% 98% b - magic missile 2 attack 0% 98% c - detect monsters 1 divination 0% 98% d - remove curse 3 clerical 71% 100% Your skills at the end: Fighting Skills Weapon Skills quarterstaff [Basic] Spellcasting Skills attack spells [Basic] enchantment spells [Basic] Final Attributes: You were piously aligned. You were magic-protected. You fumbled. You had automatic searching. You had infravision. You survived. Vanquished creatures: a shrieker a kobold lord an iguana a large kobold 2 jackals a kobold 4 grid bugs 2 lichens 4 newts 17 creatures vanquished. Voluntary challenges: You went without food. You were an atheist. You used a wielded weapon 22 times, starting on turn 3. You read items or engraved 11 times, starting on turn 175. You never genocided any monsters. You never polymorphed an object. You never changed form. You used no wishes. You never split a pudding. You never wrote Elbereth's name. You never violated your personal moral code. You disabled loading bones files. Dungeon overview: The Dungeons of Doom: levels 1 to 5 Level 1 a fountain a long staircase Level 2 a fountain Level 3 (junk) a general store Level 4 <- You were here Level 5 History has recorded: On T:1 you entered the Dungeons of Doom to retrieve the Amulet of Yendor! On T:89 you reached level 2 of The Dungeons of Doom. On T:183 you reached level 3 of The Dungeons of Doom. On T:228 you reached level 4 of The Dungeons of Doom. On T:229 you advanced to experience level 2. On T:386 you reached level 5 of The Dungeons of Doom. On T:488 you advanced to experience level 3. Score breakdown: Gold: 371 ( 8744 points) Experience: 3 levels ( 7878 points) Exploration: 5 levels ( 10.64%) ( 8846 points) Discoveries: 3 items ( 1.08%) ( 3122 points) Valuables value: (no points given unless you survive) Artifact value: 0 ( 0 points) Variety of kills: 9 monsters ( 2.37%) ( 4622 points) Time penalty: 542 turns ( 0 points) Survival: quit (score multiplied by 90%) Total score: 29890 Latest messages: You stop travelling. You make a lot of noise! You drop a scroll called dx3 (unpaid, 400 zorkmids). You drop 2 scrolls called kirj2 (unpaid, 532 zorkmids). You drop a blessed spellbook of magic missile. You sold a blessed spellbook of magic missile for 100 gold pieces. You drop an uncursed spellbook of detect monsters. You sold an uncursed spellbook of detect monsters for 50 gold pieces. You drop a spellbook of magic missile (unpaid, 266 zorkmids). You drop an uncursed potion of levitation. You sold an uncursed potion of levitation for 100 gold pieces. You drop a potion of levitation (unpaid, 266 zorkmids). You drop a milky potion (unpaid, 354 zorkmids). You drop a golden potion (unpaid, 66 zorkmids). You drop a potion of oil (unpaid, 333 zorkmids). You drop a potion called pink1 (unpaid, 133 zorkmids). You drop a potion called eff15 (unpaid, 200 zorkmids). You drop a wand of undead turning (unpaid, 200 zorkmids). Final status: Goodbye nht the Wizard, quit... You quit in The Dungeons of Doom on dungeon level 4 with 29890 points, and 371 pieces of gold, after 542 moves. You were level 3 with a maximum of 25 hit points when you quit.